 Dungeon Crawl Stone Soup version 0.29.0-4-gdea44cf6ec (webtiles) character file.

Game seed: 8020521423578503488

24741 qw the Brawler (level 12, -3/119 HPs)
             Began as a Troll Cinder Acolyte on Aug 31, 2022.
             Was a Priest of Okawaru.
             Slain by a seven-headed hydra (4 damage)
             ... on level 5 of the Lair of Beasts.
             The game lasted 00:06:54 (12741 turns).

qw the Brawler (Troll Cinder Acolyte)              Turns: 12741, Time: 00:06:54

Health: -3/119     AC: 11    Str: 29    XL:     12   Next: 83%
Magic:  14/14      EV:  9    Int: 10    God:    Okawaru [***...]
Gold:   783        SH:  0    Dex:  5    Spells: 13/13 levels left

rFire   . . .      SeeInvis .     - Unarmed
rCold   . . .      Faith    .   (no shield)
rNeg    . . .      Spirit   .   m - +1 steam dragon scales
rPois   .          Reflect  .   (helmet restricted)
rElec   .          Harm     .   i - +2 cloak {Will+}
rCorr   .          Rampage  .   (gloves unavailable)
Will    ++...                   (boots unavailable)
Stlth   +.........              (no amulet)
HPRegen 1.09/turn               h - ring of willpower
MPRegen 0.14/turn               (no ring)

@: about to teleport, slowed, fire susceptible, very slow
A: large, unfitting armour, claws 3, regeneration 1, shaggy fur 1, tough skin 1
a: Renounce Religion, Heroism


You were on level 5 of the Lair of Beasts.
You worshipped Okawaru.
Okawaru was most pleased with you.
You visited 3 branches of the dungeon, and saw 15 of its levels.
You also visited: Ossuary.

You collected 1173 gold pieces.
You spent 390 gold pieces at shops.


Innate Abilities, Weirdness & Mutations

You are too large for most types of armour.
You have claws for hands.
Your natural rate of healing is unusually fast.
You are covered in fur. (AC +1)
You have tough skin. (AC +1)


   Skills:
 - Level 8.1 Fighting
 - Level 4.0 Throwing
 - Level 3.2 Armour
 - Level 2.1 Dodging
 + Level 18.0 Unarmed Combat
 - Level 1.0 Spellcasting
 - Level 2.1 Fire Magic
 - Level 4.0 Invocations


You had 13 spell levels left.
You didn't know any spells.
Your spell library contained the following spells:

 Spells                   Type           Power      Damage    Failure   Level
 Scorch                   Fire           8%         2d5       22%         2

Inventory:

Missiles
 f - 7 boomerangs (quivered)
Armour
 i - a +2 cloak of willpower (worn)
 m - +1 steam dragon scales (worn)
Jewellery
 h - a ring of willpower (left claw)
Scrolls
 g - 2 scrolls of teleportation
 j - 5 scrolls of enchant weapon
 k - 10 scrolls of identify
Potions
 a - a potion of might
 b - a potion of mutation
 c - a potion of heal wounds
 d - a potion of cancellation
 e - 6 potions of curing
 o - 2 potions of haste

Dungeon Overview and Level Annotations

Branches:
Dungeon (10/15)            Temple (1/1) D:4            Lair (3/5) D:10
 Shoals (0/4) Lair:2          Orc (0/2) D:9         Ossuary (visited)
  Snake: Lair:2-3    Spider: Lair:2-3

Altars:
Ashenzari
Dithmenos
Elyvilon
Fedhas
Gozag
Makhleb
Nemelex Xobeh
Okawaru
Ru
Uskayaw
Wu Jian
Xom
Zin
The Shining One

Shops:
D:9 ?

Annotations:
D:3 1 runed translucent door, qw's ghost, amateur TeWr
Lair:2 3 runed translucent doors, qw's ghost, journeyman TrCA


Message History

The five-headed hydra closely misses you.
The five-headed hydra barely misses you. x2
The torpor snail attacks as you move away!
The torpor snail bites you! The yak gores you.
12735 ||| Stepping ~*~*~tactically~*~*~ (outnumbered).
The yak gores you.
You mangle the yak!! Your claw misses the yak.
The yak is almost dead.
You barely miss the five-headed hydra.
You rip one of the five-headed hydra's heads off!
The four-headed hydra grows two more!
You mangle the six-headed hydra!!
The six-headed hydra is moderately wounded.
The six-headed hydra bites you but does no damage. x3
The six-headed hydra bites you.
The six-headed hydra bites you but does no damage. x2
You rip one of the six-headed hydra's heads off!
The five-headed hydra grows two more!
You eviscerate the seven-headed hydra!!!
The seven-headed hydra is severely wounded.
The seven-headed hydra bites you but does no damage.
The seven-headed hydra bites you! x2
The seven-headed hydra bites you but does no damage.
The seven-headed hydra bites you! x2; The seven-headed hydra bites you.
You completely miss the seven-headed hydra.
The seven-headed hydra is severely wounded.
The seven-headed hydra bites you but does no damage.
The seven-headed hydra bites you!
The seven-headed hydra bites you but does no damage.
The seven-headed hydra bites you.
The seven-headed hydra completely misses you.
The seven-headed hydra bites you! The seven-headed hydra bites you.
12741 ||| READING 3 scrolls of teleportation.
As you read the scroll of teleportation, it crumbles to dust.
You feel strangely unstable.
You feel like a meek peon again. The seven-headed hydra bites you!
The seven-headed hydra bites you but does no damage.
The seven-headed hydra bites you.
You die... ........?..%........... ............(.......... #...................... ................%%..... .............7.77.%.... 77..YY...77777777.... 7777wY777 77.%. 77D77 7... 7@77

77... 7.77 777.(..
77..77 777......
77....777777..77....
7...7.......77777...
7..7%7777...777 7...
...7 7..7777777
777... .. 77..77
7..... . 77..77
7....


You could see a seven-headed hydra, a torpor snail and 2 yaks.

Vanquished Creatures
  4 hydras
  3 two-headed ogres
  A catoblepas (Lair:2)
  2 merfolk sirens (Lair:2)
  2 black mambas (Lair:5)
  An elephant (Lair:5)
  9 cane toads
  A torpor snail (Lair:5)
  2 rime drakes
  3 komodo dragons
  A hornet (D:10)
  A merfolk (Lair:2)
  3 blink frogs (Lair:2)
  Grinder (D:6)
  6 dream sheep (Lair:5)
  2 shadows
  A wyvern (Lair:3)
  A wraith (D:10)
  27 yaks
  5 fire elementals
  4 basilisks
  2 steam dragons
  15 water moccasins
  8 orc warriors
  2 sky beasts (D:7)
  An ice beast (D:7)
  A black bear (D:6)
  An ogre (D:6)
  2 centaurs
  6 wolves (Lair:2)
  2 kobold brigands
  An elf zombie (D:6)
  5 bullfrogs
  2 elf skeletons (D:6)
  A necrophage (D:5)
  3 scorpions
  9 wights
  10 killer bees (D:9)
  2 howler monkeys (D:8)
  12 orc priests
  3 hounds (D:5)
  2 jellies
  An iguana (D:4)
  Terence (D:3)
  10 orc wizards
  9 mummies
  Robin (D:2)
  3 gnolls (D:8)
  8 adders
  2 shadow imps
  A white imp (D:5)
  An ufetubus (D:5)
  2 worms
  A dart slug (D:1)
  33 orcs
  5 endoplasms
  3 giant cockroaches
  2 gnoll zombies (Ossuary)
  10 goblins
  8 hobgoblins
  2 jackals (D:1)
  10 quokkas
  6 ball pythons
  5 bats
  A frilled lizard (D:2)
  3 hobgoblin zombies
  12 kobolds
  5 kobold zombies
  3 orc skeletons (D:6)
  2 orc zombies
  6 rats
326 creatures vanquished.

Vanquished Creatures (others)
  A wizard (D:8)
  2 bushes (Lair:3)
  7 fungi
  28 plants
38 creatures vanquished.

Grand Total: 364 creatures vanquished

Notes
Turn   | Place    | Note
-------+----------+-------------------------------------------
     0 | D:1      | qw the Troll Cinder Acolyte began the quest for the Orb.
     0 | D:1      | Reached XP level 1. HP: 22/22 MP: 1/1
     0 | D:1      | 0 ||| qw: Version: 0.1-a-97-g2dd2ca4
     0 | D:1      | 0 ||| qw: Game counter: 4511
     0 | D:1      | 0 ||| qw: Always use a shield: true
     0 | D:1      | 0 ||| qw: God list: Okawaru
     0 | D:1      | 0 ||| qw: Allow faded altars: false
     0 | D:1      | 0 ||| qw: Do Orc after D:15 true
     0 | D:1      | 0 ||| qw: Do second Lair branch before Depths: true
     0 | D:1      | 0 ||| qw: Lair rune preference: random
     0 | D:1      | 0 ||| qw: Plans: Normal
     0 | D:1      | 0 ||| PLANNING D:1-11
   235 | D:1      | 235 ||| Stepping ~*~*~tactically~*~*~ (hiding).
   244 | D:1      | Reached XP level 2. HP: 29/29 MP: 2/2
   597 | D:1      | 597 ||| READING scroll labelled YNIHYI ITRYAZO.
   598 | D:1      | 598 ||| READING scroll labelled PUB JA XATS.
   664 | D:2      | Reached skill level 4 in Unarmed Combat
   680 | D:2      | Noticed Robin
   682 | D:2      | 682 ||| Stepping ~*~*~tactically~*~*~ (outnumbered).
   683 | D:2      | 683 ||| Stepping ~*~*~tactically~*~*~ (outnumbered).
   684 | D:2      | 684 ||| Stepping ~*~*~tactically~*~*~ (hiding).
   685 | D:2      | 685 ||| Stepping ~*~*~tactically~*~*~ (hiding).
   686 | D:2      | 686 ||| Stepping ~*~*~tactically~*~*~ (outnumbered).
   687 | D:2      | 687 ||| Stepping ~*~*~tactically~*~*~ (outnumbered).
   688 | D:2      | 688 ||| INVOKING Fiery Armour.
   692 | D:2      | Reached XP level 3. HP: 34/36 MP: 3/3
   695 | D:2      | Killed Robin
   699 | D:2      | 699 ||| Stepping ~*~*~tactically~*~*~ (outnumbered).
   941 | D:2      | Reached skill level 5 in Unarmed Combat
   941 | D:2      | Reached XP level 4. HP: 41/44 MP: 4/4
  1001 | D:2      | Found a faded altar of an unknown god.
  1001 | D:2      | Noticed a cacodemon
  1305 | D:2      | 1305 ||| READING scroll labelled YCZACE FOMA.
  1309 | D:2      | 1309 ||| READING scroll labelled BOLUN MOCSU.
  1310 | D:2      | 1310 ||| DRINKING 2 smoky puce potions.
  1441 | D:3      | Found a runed translucent door.
  1444 | D:3      | Noticed qw's ghost (amateur TeWr)
  1465 | D:3      | Noticed Terence
  1478 | D:3      | Killed Terence
  1526 | D:3      | 1526 ||| Stepping ~*~*~tactically~*~*~ (stealth).
  1633 | D:3      | 1633 ||| Stepping ~*~*~tactically~*~*~ (stealth).
  1836 | D:3      | Reached XP level 5. HP: 50/50 MP: 5/5
  2097 | D:3      | 2097 ||| UPGRADING to ring of willpower.
  2098 | D:3      | 2098 ||| READING 2 scrolls labelled KOWKUE WOKHLYLL.
  2099 | D:3      | 2099 ||| READING scroll labelled HAVI QOWYALO.
  2100 | D:3      | 2100 ||| DROPPING scroll of noise.
  2124 | D:4      | Reached skill level 6 in Unarmed Combat
  2231 | D:4      | Identified the +1 helmet "Ymek" {Str+3 Int+3 Slay-2}
  2264 | D:4      | Found a staircase to the Ecumenical Temple.
  2353 | D:4      | Reached XP level 6. HP: 45/59 MP: 6/6
  2370 | D:4      | 2370 ||| Stepping ~*~*~tactically~*~*~ (stealth).
  2371 | D:4      | 2371 ||| Stepping ~*~*~tactically~*~*~ (stealth).
  2372 | D:4      | 2372 ||| Stepping ~*~*~tactically~*~*~ (stealth).
  2737 | D:5      | Entered Level 5 of the Dungeon
  2776 | D:5      | Reached skill level 7 in Unarmed Combat
  2883 | D:5      | 2883 ||| Stepping ~*~*~tactically~*~*~ (hiding).
  3002 | D:5      | 3002 ||| Stepping ~*~*~tactically~*~*~ (hiding).
  3004 | D:5      | 3004 ||| Stepping ~*~*~tactically~*~*~ (stealth).
  3006 | D:5      | 3006 ||| Stepping ~*~*~tactically~*~*~ (hiding).
  3008 | D:5      | 3008 ||| INVOKING Fiery Armour.
  3015 | D:5      | 3015 ||| Stepping ~*~*~tactically~*~*~ (outnumbered).
  3016 | D:5      | 3016 ||| Stepping ~*~*~tactically~*~*~ (outnumbered).
  3216 | D:5      | Reached skill level 8 in Unarmed Combat
  3216 | D:5      | Reached XP level 7. HP: 66/66 MP: 7/7
  3397 | D:5      | Reached skill level 3 in Fighting
  3651 | D:5      | 3651 ||| READING scroll labelled FUESSU BIETSYRI.
  3652 | D:5      | 3652 ||| READING 2 scrolls labelled GAJAURRIGAU.
  3653 | D:5      | 3653 ||| DRINKING 4 inky potions.
  3654 | D:5      | 3654 ||| READING 2 scrolls of identify.
  3654 | D:5      | 3654 ||| IDENTIFYING metallic green potion
  3655 | D:5      | 3655 ||| DROPPING potion of magic.
  3656 | D:5      | 3656 ||| DROPPING 3 potions of brilliance.
  3657 | D:5      | 3657 ||| DROPPING scroll of immolation.
  3666 | D:6      | 3666 ||| PLANNING OSSUARY
  3713 | D:6      | 3713 ||| Stepping ~*~*~tactically~*~*~ (hiding).
  3768 | D:6      | 3768 ||| Stepping ~*~*~tactically~*~*~ (stealth).
  3772 | D:6      | 3772 ||| FLEEEEING.
  3773 | D:6      | 3773 ||| Stepping ~*~*~tactically~*~*~ (hiding).
  3779 | D:6      | 3779 ||| Stepping ~*~*~tactically~*~*~ (hiding).
  3780 | D:6      | 3780 ||| Stepping ~*~*~tactically~*~*~ (hiding).
  3852 | D:6      | Noticed Grinder
  3853 | D:6      | 3853 ||| Stepping ~*~*~tactically~*~*~ (stealth).
  3855 | D:6      | 3855 ||| INVOKING Fiery Armour.
  3858 | D:6      | Reached skill level 9 in Unarmed Combat
  3871 | D:6      | Killed Grinder
  3872 | D:6      | Reached XP level 8. HP: 39/75 MP: 8/8
  3880 | D:6      | 3880 ||| FLEEEEING.
  3881 | D:6      | 3881 ||| FLEEEEING.
  3882 | D:6      | 3882 ||| FLEEEEING.
  3883 | D:6      | 3883 ||| FLEEEEING.
  3884 | D:6      | 3884 ||| FLEEEEING.
  3885 | D:6      | 3885 ||| FLEEEEING.
  3889 | D:6      | 3889 ||| FLEEEEING.
  3890 | D:6      | 3890 ||| FLEEEEING.
  3891 | D:6      | 3891 ||| FLEEEEING.
  3892 | D:6      | 3892 ||| FLEEEEING.
  3893 | D:6      | 3893 ||| FLEEEEING.
  3894 | D:6      | 3894 ||| FLEEEEING.
  3895 | D:6      | 3895 ||| FLEEEEING.
  3896 | D:6      | 3896 ||| FLEEEEING.
  3897 | D:6      | 3897 ||| FLEEEEING.
  3898 | D:6      | 3898 ||| FLEEEEING.
  4001 | D:6      | Reached skill level 1 in Dodging
  4010 | D:6      | Found a sand-covered staircase.
  4017 | Ossuary  | Entered an ossuary
  4020 | Ossuary  | 4020 ||| INVOKING Fiery Armour.
  4026 | Ossuary  | 4026 ||| Stepping ~*~*~tactically~*~*~ (outnumbered).
  4027 | Ossuary  | 4027 ||| Stepping ~*~*~tactically~*~*~ (outnumbered).
  4220 | Ossuary  | 4220 ||| DRINKING 3 emerald potions.
  4221 | Ossuary  | 4221 ||| DRINKING 2 fuming purple potions.
  4222 | Ossuary  | 4222 ||| READING 2 scrolls of identify.
  4222 | Ossuary  | 4222 ||| IDENTIFYING fuming clear potion
  4223 | Ossuary  | 4223 ||| DROPPING 2 potions of degeneration.
  4249 | D:6      | 4249 ||| PLANNING D:1-11
  4333 | D:6      | 4333 ||| Stepping ~*~*~tactically~*~*~ (hiding).
  4334 | D:6      | 4334 ||| Stepping ~*~*~tactically~*~*~ (hiding).
  4477 | D:6      | Reached skill level 10 in Unarmed Combat
  4491 | D:6      | 4491 ||| Stepping ~*~*~tactically~*~*~ (stealth).
  4648 | D:6      | 4648 ||| Stepping ~*~*~tactically~*~*~ (stealth).
  4650 | D:6      | 4650 ||| Stepping ~*~*~tactically~*~*~ (stealth).
  4659 | D:6      | 4659 ||| Stepping ~*~*~tactically~*~*~ (stealth).
  4660 | D:6      | 4660 ||| Stepping ~*~*~tactically~*~*~ (stealth).
  4664 | D:6      | 4664 ||| INVOKING Fiery Armour.
  4665 | D:6      | 4665 ||| FLEEEEING.
  4666 | D:6      | 4666 ||| Stepping ~*~*~tactically~*~*~ (outnumbered).
  4667 | D:6      | 4667 ||| Stepping ~*~*~tactically~*~*~ (outnumbered).
  4799 | D:6      | 4799 ||| INVOKING Fiery Armour.
  4803 | D:6      | Reached XP level 9. HP: 23/84 MP: 9/9
  4807 | D:6      | Reached skill level 11 in Unarmed Combat
  4899 | D:6      | 4899 ||| Stepping ~*~*~tactically~*~*~ (hiding).
  5115 | D:6      | Found an ornate altar of the Wu Jian Council.
  5124 | D:6      | Found a shadowy altar of Dithmenos.
  5327 | D:6      | 5327 ||| READING 2 scrolls of identify.
  5327 | D:6      | 5327 ||| IDENTIFYING fuming amethyst potion
  5328 | D:6      | 5328 ||| DROPPING potion of flight.
  5489 | D:7      | Reached skill level 12 in Unarmed Combat
  5615 | D:7      | 5615 ||| Stepping ~*~*~tactically~*~*~ (hiding).
  5621 | D:7      | 5621 ||| INVOKING Fiery Armour.
  5623 | D:7      | HP: 21/84 [orc warrior/+0 trident (13)]
  5624 | D:7      | 5624 ||| READING 5 scrolls of teleportation.
  5625 | D:7      | 5625 ||| DRINKING 2 potions of heal wounds.
  5629 | D:7      | 5629 ||| FLEEEEING.
  5630 | D:7      | 5630 ||| FLEEEEING.
  5634 | D:7      | 5634 ||| STAIRDANCE
  5681 | D:6      | 5681 ||| READING scroll labelled KIS DOS ODUNE.
  5682 | D:6      | 5682 ||| READING 2 scrolls of identify.
  5682 | D:6      | 5682 ||| IDENTIFYING amethyst potion
  5954 | D:7      | Reached skill level 3 in Throwing
  6047 | D:7      | 6047 ||| Stepping ~*~*~tactically~*~*~ (hiding).
  6049 | D:7      | 6049 ||| Stepping ~*~*~tactically~*~*~ (hiding).
  6357 | D:7      | 6357 ||| READING 3 scrolls of identify.
  6357 | D:7      | 6357 ||| IDENTIFYING viscous black potion
  6358 | D:7      | 6358 ||| READING 2 scrolls of identify.
  6358 | D:7      | 6358 ||| IDENTIFYING bubbling green potion
  6359 | D:7      | 6359 ||| DROPPING potion of ambrosia.
  6360 | D:7      | 6360 ||| DROPPING potion of attraction.
  6466 | D:8      | Noticed a wizard
  6492 | D:8      | Killed a wizard
  6501 | D:8      | 6501 ||| FLEEEEING.
  6502 | D:8      | 6502 ||| FLEEEEING.
  6503 | D:8      | 6503 ||| FLEEEEING.
  6504 | D:8      | 6504 ||| FLEEEEING.
  6576 | D:8      | 6576 ||| FLEEEEING.
  6577 | D:8      | 6577 ||| FLEEEEING.
  6579 | D:8      | 6579 ||| FLEEEEING.
  6610 | D:8      | 6610 ||| Stepping ~*~*~tactically~*~*~ (stealth).
  6618 | D:8      | Reached XP level 10. HP: 92/96 MP: 10/10
  6695 | D:8      | Reached skill level 13 in Unarmed Combat
  6753 | D:8      | 6753 ||| FLEEEEING.
  6866 | D:8      | 6866 ||| Stepping ~*~*~tactically~*~*~ (outnumbered).
  7057 | D:8      | 7057 ||| Stepping ~*~*~tactically~*~*~ (stealth).
  7066 | D:8      | 7066 ||| FLEEEEING.
  7069 | D:8      | 7069 ||| Stepping ~*~*~tactically~*~*~ (outnumbered).
  7143 | D:8      | 7143 ||| Stepping ~*~*~tactically~*~*~ (hiding).
  7144 | D:8      | 7144 ||| Stepping ~*~*~tactically~*~*~ (hiding).
  7302 | D:8      | 7302 ||| Stepping ~*~*~tactically~*~*~ (stealth).
  7316 | D:8      | 7316 ||| Stepping ~*~*~tactically~*~*~ (stealth).
  7318 | D:8      | 7318 ||| Stepping ~*~*~tactically~*~*~ (stealth).
  7324 | D:8      | 7324 ||| Stepping ~*~*~tactically~*~*~ (stealth).
  7326 | D:8      | 7326 ||| Stepping ~*~*~tactically~*~*~ (stealth).
  7330 | D:8      | 7330 ||| Stepping ~*~*~tactically~*~*~ (stealth).
  7412 | D:8      | 7412 ||| UPGRADING to +1 cloak of willpower.
  7417 | D:8      | 7417 ||| READING scroll labelled CASSUJ UGGU.
  7418 | D:8      | 7418 ||| READING 4 scrolls of identify.
  7418 | D:8      | 7418 ||| IDENTIFYING bubbling pink potion
  7419 | D:8      | 7419 ||| READING 3 scrolls of identify.
  7419 | D:8      | 7419 ||| IDENTIFYING glowing emerald potion
  7420 | D:8      | 7420 ||| DROPPING potion of lignification.
  7463 | D:9      | 7463 ||| Stepping ~*~*~tactically~*~*~ (hiding).
  7464 | D:9      | 7464 ||| Stepping ~*~*~tactically~*~*~ (hiding).
  7470 | D:9      | 7470 ||| Stepping ~*~*~tactically~*~*~ (outnumbered).
  7478 | D:9      | Reached skill level 1 in Armour
  7543 | D:9      | Found Ohuxasahe's Magic Scroll Boutique.
  7550 | D:9      | 7550 ||| BUYING 2 scrolls of enchant weapon (180 gold).
  7550 | D:9      | Bought 2 scrolls of enchant weapon for 180 gold pieces
  7550 | D:9      | 7550 ||| BUYING scroll of enchant armour (90 gold).
  7550 | D:9      | Bought a scroll of enchant armour for 90 gold pieces
  7550 | D:9      | 7550 ||| BUYING scroll of identify (24 gold).
  7550 | D:9      | Bought a scroll of identify for 24 gold pieces
  7550 | D:9      | 7550 ||| BUYING scroll of identify (24 gold).
  7550 | D:9      | Bought a scroll of identify for 24 gold pieces
  7550 | D:9      | 7550 ||| BUYING scroll of teleportation (36 gold).
  7550 | D:9      | Bought a scroll of teleportation for 36 gold pieces
  7550 | D:9      | 7550 ||| BUYING scroll of teleportation (36 gold).
  7550 | D:9      | Bought a scroll of teleportation for 36 gold pieces
  7550 | D:9      | 7550 ||| READING scroll of enchant armour.
  7550 | D:9      | 7550 ||| ENCHANTING +1 cloak of willpower.
  7653 | D:9      | Noticed a two-headed ogre
  7663 | D:9      | 7663 ||| INVOKING Fiery Armour.
  7667 | D:9      | Killed a two-headed ogre
  7668 | D:9      | Reached skill level 14 in Unarmed Combat
  7717 | D:9      | Noticed a two-headed ogre
  7718 | D:9      | 7718 ||| Stepping ~*~*~tactically~*~*~ (stealth).
  7720 | D:9      | 7720 ||| Stepping ~*~*~tactically~*~*~ (stealth).
  7726 | D:9      | Killed a two-headed ogre
  7727 | D:9      | Reached skill level 6 in Fighting
  8002 | D:9      | 8002 ||| Stepping ~*~*~tactically~*~*~ (stealth).
  8016 | D:9      | 8016 ||| INVOKING Fiery Armour.
  8092 | D:9      | 8092 ||| Stepping ~*~*~tactically~*~*~ (stealth).
  8094 | D:9      | 8094 ||| Stepping ~*~*~tactically~*~*~ (hiding).
  8106 | D:9      | 8106 ||| Stepping ~*~*~tactically~*~*~ (hiding).
  8124 | D:9      | Found a staircase to the Orcish Mines.
  8427 | D:9      | 8427 ||| UPGRADING to +0 steam dragon scales.
  8437 | D:9      | 8437 ||| DROPPING +0 robe.
  8438 | D:9      | 8438 ||| UPGRADING to amulet of guardian spirit.
  8443 | D:9      | 8443 ||| DROPPING +6 ring of intelligence.
  8444 | D:9      | 8444 ||| READING 3 scrolls labelled HAPTATT RIJUUG.
  8445 | D:9      | 8445 ||| DROPPING 2 scrolls of fog.
  8488 | D:10     | Entered Level 10 of the Dungeon
  8615 | D:10     | 8615 ||| READING scroll of enchant armour.
  8615 | D:10     | 8615 ||| ENCHANTING +0 steam dragon scales.
  8633 | D:10     | 8633 ||| INVOKING Fiery Armour.
  8635 | D:10     | Reached XP level 11. HP: 105/105 MP: 11/11
  8639 | D:10     | 8639 ||| Stepping ~*~*~tactically~*~*~ (outnumbered).
  8641 | D:10     | 8641 ||| Stepping ~*~*~tactically~*~*~ (outnumbered).
  8642 | D:10     | 8642 ||| Stepping ~*~*~tactically~*~*~ (outnumbered).
  8646 | D:10     | 8646 ||| Stepping ~*~*~tactically~*~*~ (outnumbered).
  8653 | D:10     | Reached skill level 15 in Unarmed Combat
  8721 | D:10     | Noticed a two-headed ogre
  8727 | D:10     | Killed a two-headed ogre
  9066 | D:10     | Found a staircase to the Lair.
  9070 | D:10     | 9070 ||| READING 8 scrolls of identify.
  9070 | D:10     | 9070 ||| IDENTIFYING fizzy white potion
  9071 | D:10     | 9071 ||| PLANNING LAIR
  9072 | Lair:1   | Entered Level 1 of the Lair of Beasts
  9293 | Lair:1   | Noticed a six-headed hydra
  9294 | Lair:1   | 9294 ||| INVOKING Fiery Armour.
  9299 | Lair:1   | Killed an eight-headed hydra
  9677 | Lair:1   | 9677 ||| READING scroll labelled HULLON NOQED.
  9764 | Lair:2   | 9764 ||| Stepping ~*~*~tactically~*~*~ (hiding).
  9842 | Lair:2   | 9842 ||| Stepping ~*~*~tactically~*~*~ (stealth).
  9844 | Lair:2   | 9844 ||| Stepping ~*~*~tactically~*~*~ (stealth).
  9852 | Lair:2   | 9852 ||| Stepping ~*~*~tactically~*~*~ (outnumbered).
  9861 | Lair:2   | Reached skill level 16 in Unarmed Combat
  9928 | Lair:2   | 9928 ||| Stepping ~*~*~tactically~*~*~ (stealth).
  9937 | Lair:2   | 9937 ||| Stepping ~*~*~tactically~*~*~ (outnumbered).
 10021 | Lair:2   | 10021 ||| INVOKING Fiery Armour.
 10022 | Lair:2   | 10022 ||| Stepping ~*~*~tactically~*~*~ (stealth).
 10029 | Lair:2   | 10029 ||| Stepping ~*~*~tactically~*~*~ (stealth).
 10030 | Lair:2   | 10030 ||| Stepping ~*~*~tactically~*~*~ (stealth).
 10031 | Lair:2   | 10031 ||| Stepping ~*~*~tactically~*~*~ (outnumbered).
 10120 | Lair:2   | 10120 ||| PLANNING TEMPLE
 10120 | Lair:2   | 10120 ||| DROPPING ring of wizardry.
 10121 | Lair:2   | 10121 ||| READING scroll labelled YXIDANY SUGOA.
 10122 | Lair:2   | 10122 ||| READING 6 scrolls of teleportation.
 10159 | Lair:2   | 10159 ||| Stepping ~*~*~tactically~*~*~ (hiding).
 10160 | Lair:2   | 10160 ||| Stepping ~*~*~tactically~*~*~ (hiding).
 10163 | Lair:2   | 10163 ||| Stepping ~*~*~tactically~*~*~ (outnumbered).
 10172 | Lair:2   | HP: 21/109 [merfolk/+0 trident (9)]
 10173 | Lair:2   | 10173 ||| READING 5 scrolls of teleportation.
 10174 | Lair:2   | 10174 ||| DRINKING 3 potions of heal wounds.
 10266 | Lair:2   | Noticed a catoblepas
 10267 | Lair:2   | 10267 ||| Stepping ~*~*~tactically~*~*~ (hiding).
 10274 | Lair:2   | Killed a catoblepas
 10526 | Temple   | Entered the Ecumenical Temple
 10618 | Temple   | 10618 ||| PLANNING CONVERSION TO OKAWARU
 10626 | Temple   | Fell from the grace of Ignis
 10626 | Temple   | Became a worshipper of Warmaster Okawaru
 10627 | Temple   | 10627 ||| PLANNING LAIR
 10627 | Temple   | 10627 ||| REMOVING amulet of guardian spirit.
 10632 | Temple   | 10632 ||| DROPPING amulet of guardian spirit.
 11094 | Lair:2   | 11094 ||| DRINKING 6 potions of curing.
 11094 | Lair:2   | 11094 ||| (to cure confusion)
 11173 | Lair:2   | Found an opulent altar of Gozag.
 11215 | Lair:2   | Found a staircase to the Shoals.
 11243 | Lair:2   | Found a runed translucent gate.
 11244 | Lair:2   | Found a runed translucent gate.
 11245 | Lair:2   | Found a runed translucent gate.
 11259 | Lair:2   | Noticed qw's ghost (journeyman TrCA)
 11279 | Lair:2   | 11279 ||| Stepping ~*~*~tactically~*~*~ (hiding).
 11280 | Lair:2   | 11280 ||| Stepping ~*~*~tactically~*~*~ (hiding).
 11554 | Lair:2   | 11554 ||| Stepping ~*~*~tactically~*~*~ (stealth).
 11556 | Lair:2   | 11556 ||| Stepping ~*~*~tactically~*~*~ (hiding).
 11557 | Lair:2   | 11557 ||| Stepping ~*~*~tactically~*~*~ (hiding).
 11569 | Lair:2   | Reached XP level 12. HP: 74/118 MP: 12/12
 11844 | Lair:2   | 11844 ||| READING 4 scrolls of teleportation.
 11926 | Lair:3   | Reached * piety under Okawaru
 11927 | Lair:3   | Reached skill level 17 in Unarmed Combat
 11948 | Lair:3   | 11948 ||| Stepping ~*~*~tactically~*~*~ (stealth).
 11950 | Lair:3   | 11950 ||| INVOKING Heroism.
 11956 | Lair:3   | 11956 ||| Stepping ~*~*~tactically~*~*~ (outnumbered).
 11957 | Lair:3   | 11957 ||| Stepping ~*~*~tactically~*~*~ (outnumbered).
 11958 | Lair:3   | 11958 ||| Stepping ~*~*~tactically~*~*~ (outnumbered).
 11959 | Lair:3   | 11959 ||| Stepping ~*~*~tactically~*~*~ (outnumbered).
 11960 | Lair:3   | 11960 ||| Stepping ~*~*~tactically~*~*~ (outnumbered).
 11961 | Lair:3   | 11961 ||| Stepping ~*~*~tactically~*~*~ (outnumbered).
 11962 | Lair:3   | 11962 ||| INVOKING Heroism.
 11963 | Lair:3   | 11963 ||| Stepping ~*~*~tactically~*~*~ (outnumbered).
 11963 | Lair:3   | Noticed a six-headed hydra
 11964 | Lair:3   | 11964 ||| Stepping ~*~*~tactically~*~*~ (outnumbered).
 11965 | Lair:3   | 11965 ||| Stepping ~*~*~tactically~*~*~ (outnumbered).
 11967 | Lair:3   | 11967 ||| Stepping ~*~*~tactically~*~*~ (outnumbered).
 11969 | Lair:3   | Killed an eight-headed hydra
 11970 | Lair:3   | Reached skill level 1 in Invocations
 11975 | Lair:3   | 11975 ||| Stepping ~*~*~tactically~*~*~ (outnumbered).
 11976 | Lair:3   | 11976 ||| INVOKING Heroism.
 11976 | Lair:3   | HP: 26/118 [yak (6)]
 11977 | Lair:3   | 11977 ||| READING 4 scrolls of teleportation.
 11978 | Lair:3   | 11978 ||| DRINKING 2 potions of heal wounds.
 11979 | Lair:3   | 11979 ||| DRINKING potion of heal wounds.
 11990 | Lair:3   | 11990 ||| INVOKING Heroism.
 12132 | Lair:3   | 12132 ||| INVOKING Heroism.
 12133 | Lair:3   | 12133 ||| Stepping ~*~*~tactically~*~*~ (outnumbered).
 12134 | Lair:3   | 12134 ||| Stepping ~*~*~tactically~*~*~ (outnumbered).
 12135 | Lair:3   | 12135 ||| Stepping ~*~*~tactically~*~*~ (outnumbered).
 12191 | Lair:3   | Noticed a four-headed hydra
 12192 | Lair:3   | 12192 ||| INVOKING Heroism.
 12192 | Lair:3   | Noticed a death yak
 12195 | Lair:3   | Noticed a death yak
 12197 | Lair:3   | Killed a five-headed hydra
 12198 | Lair:3   | Reached skill level 3 in Invocations
 12198 | Lair:3   | Noticed a death yak
 12202 | Lair:3   | Reached ** piety under Okawaru
 12219 | Lair:3   | 12219 ||| INVOKING Heroism.
 12237 | Lair:3   | 12237 ||| INVOKING Heroism.
 12253 | Lair:3   | 12253 ||| INVOKING Heroism.
 12272 | Lair:3   | 12272 ||| INVOKING Heroism.
 12299 | Lair:3   | 12299 ||| INVOKING Heroism.
 12361 | Lair:3   | You fall into a shaft and drop 2 floors!
 12361 | Lair:5   | Entered Level 5 of the Lair of Beasts
 12386 | Lair:5   | 12386 ||| INVOKING Heroism.
 12405 | Lair:5   | 12405 ||| Stepping ~*~*~tactically~*~*~ (hiding).
 12410 | Lair:5   | 12410 ||| Stepping ~*~*~tactically~*~*~ (hiding).
 12411 | Lair:5   | 12411 ||| Stepping ~*~*~tactically~*~*~ (hiding).
 12432 | Lair:5   | 12432 ||| Stepping ~*~*~tactically~*~*~ (hiding).
 12448 | Lair:5   | Noticed an eight-headed hydra
 12449 | Lair:5   | 12449 ||| INVOKING Heroism.
 12456 | Lair:5   | Killed a ten-headed hydra
 12503 | Lair:5   | 12503 ||| INVOKING Heroism.
 12525 | Lair:5   | Reached skill level 18 in Unarmed Combat
 12599 | Lair:5   | 12599 ||| INVOKING Heroism.
 12601 | Lair:5   | 12601 ||| Stepping ~*~*~tactically~*~*~ (outnumbered).
 12613 | Lair:5   | Reached *** piety under Okawaru
 12642 | Lair:5   | 12642 ||| INVOKING Heroism.
 12661 | Lair:5   | Reached skill level 3 in Armour
 12719 | Lair:5   | 12719 ||| INVOKING Heroism.
 12725 | Lair:5   | Received a gift from Okawaru
 12726 | Lair:5   | Noticed a five-headed hydra
 12727 | Lair:5   | 12727 ||| Stepping ~*~*~tactically~*~*~ (outnumbered).
 12728 | Lair:5   | 12728 ||| Stepping ~*~*~tactically~*~*~ (outnumbered).
 12731 | Lair:5   | 12731 ||| Stepping ~*~*~tactically~*~*~ (outnumbered).
 12732 | Lair:5   | 12732 ||| Stepping ~*~*~tactically~*~*~ (outnumbered).
 12733 | Lair:5   | 12733 ||| Stepping ~*~*~tactically~*~*~ (outnumbered).
 12734 | Lair:5   | 12734 ||| Stepping ~*~*~tactically~*~*~ (outnumbered).
 12735 | Lair:5   | 12735 ||| Stepping ~*~*~tactically~*~*~ (outnumbered).
 12740 | Lair:5   | HP: 23/119 [seven-headed hydra (12)]
 12740 | Lair:5   | HP: 9/119 [seven-headed hydra (8)]
 12741 | Lair:5   | 12741 ||| READING 3 scrolls of teleportation.
 12741 | Lair:5   | HP: 1/119 [seven-headed hydra (8)]
 12741 | Lair:5   | Slain by a seven-headed hydra

Levels and vault maps discovered:
D:1:      eino_arrival_cavern_b, layout_rooms
D:2:      wander_river, layout_loops_ring,
          dreamdust_ecumenical_altar_sealed_demon, uniq_robin
D:3:      layout_loops_ring, ebering_ghost_reflecting_pool, uniq_terence
D:4:      layout_gridville, minmay_temple_entry_drinking_statues,
          serial_bayou_pond_b
D:5:      layout_gridville, serial_rivers, chequers_serial_rivers_room_a,
          chequers_serial_rivers_micro_b, chequers_serial_rivers_small_3,
          chequers_serial_rivers_micro_b, chequers_serial_rivers_small_3
D:6:      layout_gridville, mainiacjoe_overflow_swirl,
          nicolae_ossuary_entry_catacombs, uniq_grinder
D:7:      layout_loops_corners, nicolae_titane
D:8:      cheibrodos_wizards_tower, layout_loops_cross,
          hangedman_decor_diamond_cutter, minmay_misc_feat_tiny,
          minmay_mini_ossuary
D:9:      layout_loops_corners, minmay_orc_entry_temple_small, serial_shops,
          shop
D:10:     layout_small_grid, lair_entry_dummy
Temple:   nicolae_temple_slightly_damp_pantheon
Lair:1:   layout_roguey, st_stairs_12
Lair:2:   layout_cave_pods, elwin_shoals_entry_stream, basic_altar,
          gammafunk_ghost_necromancy, minivault_11, grunt_megastairs_1,
          lemuel_fruit_tree
Lair:3:   layout_roguey, dummy_snake_entry, nicolae_lair_grove_arrangements,
          nicolae_lair_grazing_beasts [nicolae_sub_lair_graze_edge,
          nicolae_sub_lair_graze_edge, nicolae_sub_lair_graze_edge,
          nicolae_sub_lair_graze_edge]
Lair:5:   evil_forest, layout_cave_shapes, slime_entry_1, minivault_23

Skill      XL: |  1  2  3  4  5  6  7  8  9 10 11 12 |
---------------+-------------------------------------+-----
Unarmed Combat | 4 5 6 8 9 10 12 14 16 18 | 18.0
Fighting       | 3 4 5 6 7 8 |  8.1
Throwing       | 2 3 4 |  4.0
Dodging        | 1 2 |  2.1
Armour         | 2 3 |  3.2
Invocations    | 4 |  4.0
Spellcasting   | |  1.0
Fire Magic     | |  2.1

Action                   |  1- 3 |  4- 6 |  7- 9 | 10-12 || total
-------------------------+-------+-------+-------+-------++-------
Melee: Unarmed           |    95 |   139 |   265 |   403 ||   902
       Punch             |       |     2 |     9 |    29 ||    40
Throw: Boomerang         |       |    40 |    48 |    72 ||   160
       Javelin           |       |       |     8 |    45 ||    53
Invok: Fiery Armour      |     1 |     1 |     5 |     5 ||    12
       Heroism           |       |       |       |    17 ||    17
  Use: Scroll            |     2 |     4 |    10 |    14 ||    30
       Potion            |       |     1 |     4 |     4 ||     9
Armor: Robe              |    47 |    23 |    45 |    28 ||   143
       Steam dragon scal |       |       |       |    99 ||    99
Dodge: Dodged            |    47 |    44 |    57 |   132 ||   280

Table legend:
 A = Non-vault XP
 B = Vault XP
 C = Vault XP percentage of total XP
 D = Non-vault monster count
 E = Vault monster count
 F = Vault count percentage of total count
                 A         B        C        D         E       F
            +---------+---------+-------+---------+---------+-------
      Total |   27213 |    8132 |  23.0 |     249 |      73 |  22.7
            +---------+---------+-------+---------+---------+-------
        D:1 |      28 |       0 |   0.0 |      15 |       0 |   0.0
        D:2 |      57 |      36 |  38.7 |      19 |      12 |  38.7
        D:3 |      41 |      36 |  46.8 |      16 |       1 |   5.9
        D:4 |     135 |      90 |  40.0 |       9 |       5 |  35.7
        D:5 |     575 |       0 |   0.0 |      16 |       0 |   0.0
        D:6 |    1720 |     541 |  23.9 |      24 |       7 |  22.6
        D:7 |    1182 |       0 |   0.0 |      20 |       0 |   0.0
        D:8 |    1967 |     336 |  14.6 |      28 |       6 |  17.6
        D:9 |    3032 |     545 |  15.2 |      22 |       9 |  29.0
       D:10 |    1826 |       0 |   0.0 |      16 |       0 |   0.0
     Lair:1 |    1679 |     515 |  23.5 |       5 |       2 |  28.6
     Lair:2 |    6077 |    1749 |  22.3 |      27 |       5 |  15.6
     Lair:3 |    4272 |       0 |   0.0 |      13 |       0 |   0.0
     Lair:5 |    4622 |    4129 |  47.2 |      19 |      10 |  34.5
    Ossuary |       0 |     155 | 100.0 |       0 |      16 | 100.0
            +---------+---------+-------+---------+---------+-------
